 Dungeon Crawl Stone Soup version 0.22.0-18-ge075c0d (webtiles) character file.

1 Amnesiac the Magician (level 1, -3/13 HPs)
             Began as a Mummy Air Elementalist on Aug 18, 2018.
             Slain by an adder (5 damage)
             ... on level 2 of the Dungeon.
             The game lasted 00:00:19 (122 turns).

Amnesiac the Magician (Mummy Air Elementalist)       Turns: 122, Time: 00:00:20

Health: -3/13      AC:  2    Str: 11    XL:     1   Next: 16%
Magic:  1/4        EV: 12    Int: 14    God:
Gold:   16         SH:  0    Dex: 12    Spells: 4/5 levels left

rFire    x . .     SeeInvis .   (no weapon)
rCold    + . .     Gourm    .   (no shield)
rNeg     + + +     Faith    .   a - +0 robe
rPois    ∞         Spirit   .   (no helmet)
rElec    .         Reflect  .   (no cloak)
rCorr    .         Harm     .   (no gloves)
MR       .....                  (no boots)
Stlth    ++........             (no amulet)
HPRegen  0.04/turn              (no ring)
MPRegen  0.09/turn              (no ring)

@: very slightly contaminated
A: no food or potions, fire vulnerability, cold resistance 1, negative energy
resistance 3, torment resistance, unbreathing
a: no special abilities


You were on level 2 of the Dungeon.
You were not hungry.

You visited 1 branch of the dungeon, and saw 2 of its levels.

You collected 16 gold pieces.

Inventory:

Armour
 a - a +0 robe (worn)


   Skills:
 - Level 1.5 Dodging
 - Level 1.5 Stealth
 - Level 2.6 Spellcasting
 - Level 0.7 Conjurations
 + Level 2.5 Air Magic


You had 4 spell levels left.
You knew the following spells:

 Your Spells              Type           Power        Failure   Level  Hunger
a - Shock                 Conj/Air       #...         12%         1    N/A

Your spell library contained the following spells:

 Spells                   Type           Power        Failure   Level  Hunger
 Swiftness                Chrm/Air       #.......     21%         2    N/A
 Static Discharge         Conj/Air       #.......     34%         3    N/A
 Airstrike                Air            #.........   61%         4    N/A
 Lightning Bolt           Conj/Air       #.........   97%         5    N/A

Dungeon Overview and Level Annotations

Branches:
Dungeon (2/15)

Altars:


Innate Abilities, Weirdness & Mutations

You do not eat or drink.
Your flesh is vulnerable to fire.
You are immune to poison.
Your flesh is cold resistant. (rC+)
You are immune to negative energy. (rN+++)
You are immune to unholy pain and torment.
You can survive without breathing.


Message History

Aiming: Shock (safe; 12% risk of failure)
Press: ? - help, Shift-Dir - straight line, f - adder
Aim: an adder The zap misses the adder.
The zap hits the adder.
The adder is moderately wounded.
The adder closely misses you.
Casting: Shock (safe; 12% risk of failure)
Confirm with . or Enter, or press ? or * to list all spells.
Aiming: Shock (safe; 12% risk of failure)
Press: ? - help, Shift-Dir - straight line, f/p - adder
Aim: an adder (moderately wounded)
The zap misses the adder.
The zap hits the adder.
The adder is heavily wounded.
The adder barely misses you.
Casting: Shock (safe; 12% risk of failure)
Confirm with . or Enter, or press ? or * to list all spells.
Aiming: Shock (safe; 12% risk of failure)
Press: ? - help, Shift-Dir - straight line, f/p - adder
Aim: an adder (heavily wounded)
The zap misses the adder. x2; The adder bites you.
Casting: Shock (safe; 12% risk of failure)
Confirm with . or Enter, or press ? or * to list all spells.
You don't have enough magic to cast that spell.
Casting: Shock (safe; 12% risk of failure)
Confirm with . or Enter, or press ? or * to list all spells.
You don't have enough magic to cast that spell.
Casting: Shock (safe; 12% risk of failure)
Confirm with . or Enter, or press ? or * to list all spells.
You don't have enough magic to cast that spell.
Casting: Shock (safe; 12% risk of failure)
Confirm with . or Enter, or press ? or * to list all spells.
You don't have enough magic to cast that spell.
The adder closely misses you. The adder bites you but does no damage.
The adder barely misses you.
Casting: Shock (safe; 12% risk of failure)
Confirm with . or Enter, or press ? or * to list all spells.
Aiming: Shock (safe; 12% risk of failure)
Press: ? - help, Shift-Dir - straight line, f/p - adder
Aim: an adder (moderately wounded)
You miscast Shock.
You are very lightly contaminated with residual magic.
Your skin glows momentarily.
The adder bites you.
* * * LOW HITPOINT WARNING * * *
The adder bites you.
* * * LOW HITPOINT WARNING * * *
Casting: Shock (safe; 12% risk of failure)
Confirm with . or Enter, or press ? or * to list all spells.
You don't have enough magic to cast that spell.
Casting: Shock (safe; 12% risk of failure)
Confirm with . or Enter, or press ? or * to list all spells.
You don't have enough magic to cast that spell.
The adder closely misses you.
You miss the adder.
The adder is moderately wounded.
The adder barely misses you.
You closely miss the adder.
The adder is moderately wounded.
The adder barely misses you. The adder bites you but does no damage.
You miss the adder.
The adder is moderately wounded.
The adder misses you. The adder bites you.
You die...

##########
#........#
####........#
#...........#
...##..@S....#
#........#
#........#
######.### #<#
#.# #.# #..
###


You could see an adder.

Vanquished Creatures
  A giant cockroach (D:2)
1 creature vanquished.

Notes
Turn   | Place    | Note
-------+----------+-------------------------------------------
     0 | D:1      | Amnesiac the Mummy Air Elementalist began the quest for the Orb.
     0 | D:1      | Reached XP level 1. HP: 13/13 MP: 4/4
   122 | D:2      | Slain by an adder

Action                   || total
-------------------------++-------
Melee: Unarmed           ||     3
 Cast: Shock             ||     5
Armor: Robe              ||     2
Dodge: Dodged            ||     9
